AoeStats
← dealedep

MegaRandom

509792293Analyzed
4v4 RM · 5d ago on Sep 28, 2026· 39m 21s· 8 players
Game mode
Random Map
Map size
Large (8 player)
Population
200
Speed
Normal
Resources
Standard
Victory
Conquest
Starting age
Dark Age
Ending age
Imperial Age
RankedLock teamsTeams togetherTeam positionsShared explorationLock speedFull tech treeHidden civsTurbo modeCheats
Victory
Defeat
🇨🇱 Bengalis · Chile
1060
+13
🇨🇱 Mongols · Chile
1021
+15
🇨🇱 Vikings · Chile
1008
+16
🇻🇪 Vietnamese · Venezuela
987
+16
🇲🇽 Bohemians · Mexico
1040
-16
🇬🇧 Bulgarians · United Kingdom
999
-15
🇺🇸 Japanese · United States
998
-15
🇦🇷 Mongols · Argentina
962
-14
Tugg Speedman
0:36 Loom
11:50 Feudal Age
17:54 Castle Age
15:42 Double-Bit Axe
16:42 Horse Collar
19:12 Fletching
19:34 Forging
28:34 Fletching
31:00 Husbandry
36:16 Imperial Age
34:24 Ballistics
35:48 Guard Tower
37:35 Pikeman
Khan Mofeta
1:55 Loom
13:20 Feudal Age
15:36 Man-at-Arms
19:10 Castle Age
18:17 Scale Mail Armor
18:27 Forging
HighTowerM8
0:31 Loom
13:11 Feudal Age
14:35 Double-Bit Axe
19:52 Castle Age
27:57 Fletching
28:26 Bow Saw
BELiKA
10:28 Feudal Age
14:17 Castle Age
12:37 Double-Bit Axe
14:51 Loom
15:32 Bow Saw
16:32 Wheelbarrow
17:19 Fletching
17:30 Padded Archer Armor
28:01 Ballistics
28:27 Bloodlines
28:18 Husbandry
28:53 Horse Collar
29:13 Town Watch
33:41 Imperial Age
32:15 Hand Cart
32:44 Bodkin Arrow
33:04 Leather Archer Armor
35:44 Conscription
35:37 Siege Engineers
37:26 Chemistry
36:32 Bracer
37:23 Thumb Ring
37:46 Parthian Tactics
36:43 Elite Skirmisher
37:55 Town Patrol
38:51 Husbandry
dealedep
1:53 Loom
12:27 Feudal Age
16:32 Double-Bit Axe
18:07 Scale Barding Armor
23:59 Castle Age
24:48 Husbandry
25:42 Bow Saw
26:24 Bloodlines
32:51 Wheelbarrow
32:45 Fletching
32:50 Gold Mining
37:25 Hand Cart
linkz900
1:42 Loom
11:43 Feudal Age
13:08 Horse Collar
13:17 Double-Bit Axe
14:41 Wheelbarrow
14:50 Bloodlines
16:55 Town Watch
19:38 Scale Barding Armor
20:06 Forging
24:44 Castle Age
24:55 Gold Mining
24:57 Stone Mining
27:30 Iron Casting
27:19 Light Cavalry
31:34 Husbandry
32:13 Heavy Plow
32:17 Fletching
33:21 Bodkin Arrow
33:49 Hand Cart
34:30 Nomads
36:52 Padded Archer Armor
37:30 Bow Saw
38:48 Stone Shaft Mining
T3krom_xD
0:52 Loom
10:59 Feudal Age
14:38 Double-Bit Axe
16:45 Fletching
21:16 Padded Archer Armor
25:12 Castle Age
25:13 Crossbowman
27:20 Leather Archer Armor
27:04 Bodkin Arrow
32:21 Ballistics
31:58 Murder Holes
37:36 Imperial Age
37:52 Scale Mail Armor
38:03 Forging
38:08 Leather Archer Armor
37:47 Arbalester
yoyox2x
9:36 Loom
11:27 Feudal Age
16:28 Castle Age
16:12 Fletching
16:23 Padded Archer Armor
20:46 Wheelbarrow
20:08 Bodkin Arrow
22:36 Ballistics
23:09 Double-Bit Axe
33:39 Imperial Age
33:15 Hand Cart
32:45 Town Watch
34:44 Leather Archer Armor
34:48 Bracer
35:47 Conscription
36:31 Bow Saw
36:02 Horse Collar
37:33 Heavy Plow
38:42 Town Patrol
40:24 Ring Archer Armor
Connection lost

Rejoining the realm…

Still unreachable

The connection could not be restored.

Session expired

The server has moved on; the page needs a fresh start.